 Dungeon Crawl Stone Soup version 0.26-a0-1012-gedcf9b2963 (webtiles) character file.

Game seed: 1434686862141461791

14 Floopie the Sneak (level 2, 0/27 HPs)
             Began as a Deep Dwarf Delver on Dec 7, 2020.
             Slain by a hornet zombie (10 damage)
             ... on level 6 of the Dungeon.
             The game lasted 00:05:11 (98 turns).

Floopie the Sneak (Deep Dwarf Delver)                 Turns: 98, Time: 00:05:12

Health: 0/27       AC:  3    Str: 15    XL:     2   Next: 31%
Magic:  1/1        EV: 12    Int: 10    God:
Gold:   12         SH:  0    Dex: 14    Spells: 1/1 levels left

rFire    . . .     SeeInvis .   N - +0 war axe
rCold    . . .     Faith    .   (no shield)
rNeg     . . .     Spirit   .   b - +0 leather armour
rPois    .         Reflect  .   (no helmet)
rElec    .         Harm     .   (no cloak)
rCorr    .         Rampage  .   (no gloves)
Will     .....                  (no boots)
Stlth    +++.......             (no amulet)
HPRegen  0.00/turn              (no ring)
MPRegen  0.07/turn              (no ring)

@: non-regenerating, hasted, very quick
A: damage resistance, heal wounds, sense surroundings 1, no regeneration
a: Heal Wounds


You were on level 6 of the Dungeon.
You visited 1 branch of the dungeon, and saw 3 of its levels.

You collected 12 gold pieces.

Inventory:

Hand Weapons
 a - a +0 hand axe
 N - a +0 war axe (weapon)
Armour
 b - a +0 leather armour (worn)
Wands
 D - a wand of digging (3)
Scrolls
 c - a scroll of fog
 e - a scroll of fear


   Skills:
 - Level 2.6 Fighting
 * Level 3.3 Axes
 - Level 2.1 Dodging
 - Level 6.0 Stealth


You had one spell level left.
You didn't know any spells.
Your spell library contained the following spells:

 Spells                   Type           Power        Failure   Level
 Gell's Gravitas          Tloc           #.........   80%         3
 Portal Projectile        Hex/Tloc       #.....       80%         3
 Dispersal                Tloc           #.........   100%        6
 Disjunction              Tloc           #.........   100%        8


Dungeon Overview and Level Annotations

Branches:
Dungeon (7/15)             Temple (0/1) D:7

Altars:

Annotations:
D:6 3 runed translucent doors, thewurscht's ghost, amateur GrBe


Innate Abilities, Weirdness & Mutations

You are resistant to damage.
You can heal yourself by infusing magical energy.
You passively map a small area around you.
You do not regenerate.


Message History

The orc warrior is moderately wounded.
You barely miss the orc. You slash the orc wizard! You hit the hornet zombie.
The orc wizard barely misses you.
The hornet zombie hits you but does no damage.
The orc hits you with a +0 mace.
The orc warrior hits you with a cursed +0 mace!
Ouch! That really hurt!
* * * LOW HITPOINT WARNING * * *
Your magical essence is drained by the effort!
You feel much better.
The orc wizard hits you but does no damage.
The hornet zombie hits you. The orc completely misses you.
You hit the orc warrior but do no damage.
The orc warrior is moderately wounded.
You barely miss the hornet zombie. You hit the orc wizard. You hit the orc.
You kill the orc!
The orc wizard hits you with a +0 dagger.
The orc warrior hits you with a cursed +0 mace!
The hornet zombie hits you!
You die...

,
.#####.##.#..#####.
* , * ** *#..
#......##.. .# * *
*...# ##.<##....# ,
... # ,..##
#..##...## ....#.
### ##.......##
....#
#####..#####..#
#..##..####.....##
##.#
#.....)o##.#####
#.# ,
,,*#.....#o@.....#
* * #.# , , #.#..
#)Z##.≈≈≈≈≈. , ...
#.....###.≈###≈..,
W.. ,##..... ..≈≈≈
.. .... , #.....
..≈≈#≈≈, , .... *
#.#... .#≈≈# ≈.
..... #.......# ≈≈#
. * ...... ≈≈≈≈ , *
* ,


You could see an orc warrior, an orc wizard (fast) and a hornet zombie.

Vanquished Creatures
  An adder (D:5)
  3 orcs (D:6)
  A ball python skeleton (D:6)
  A quokka skeleton (D:6)
6 creatures vanquished.

Vanquished Creatures (others)
  2 fungi (D:6)
  2 plants (D:6)
4 creatures vanquished.

Grand Total: 10 creatures vanquished

Notes
Turn   | Place    | Note
-------+----------+-------------------------------------------
     0 | D:5      | Floopie the Deep Dwarf Delver began the quest for the Orb.
     0 | D:5      | Reached XP level 1. HP: 20/20 MP: 1/1
    19 | D:6      | Found a runed translucent gate.
    19 | D:6      | Found a runed translucent gate.
    19 | D:6      | Found a runed translucent gate.
    20 | D:6      | Noticed a big kobold
    20 | D:6      | Noticed a big kobold
    20 | D:6      | Noticed a kobold demonologist
    20 | D:6      | Noticed a big kobold
    20 | D:6      | Noticed a big kobold
    20 | D:6      | Noticed a big kobold
    20 | D:6      | Noticed a big kobold
    20 | D:6      | Noticed a big kobold
    20 | D:6      | Noticed a big kobold
    20 | D:6      | Noticed a big kobold
    20 | D:6      | Noticed a big kobold
    22 | D:6      | Noticed thewurscht's ghost (amateur GrBe)
    22 | D:6      | Noticed a big kobold
    38 | D:5      | Reached skill level 3 in Axes
    38 | D:5      | Reached XP level 2. HP: 25/27 MP: 2/2
    54 | D:7      | Noticed a phantom
    54 | D:7      | Noticed a wight
    54 | D:7      | Noticed a wight
    54 | D:7      | Noticed a wight
    54 | D:7      | Noticed a wight
    54 | D:7      | Noticed a wight
    67 | D:6      | Noticed a phantom
    83 | D:6      | Noticed an orc warrior
    96 | D:6      | HP: 1/27 [orc warrior/cursed +0 mace (15)]
    98 | D:6      | Slain by a hornet zombie

Illustrated notes

Levels and vault maps discovered:
D:5:      layout_basic, basic_altar, nicolae_sextant
D:6:      layout_rooms, cheibriados_altar_1, gammafunk_ghost_nasty_kobolds,
          serial_shops, nicolae_shop_behind_doors, shop, basic_altar,
          minmay_crystal_water, st_stairs_12
D:7:      layout_basic, nicolae_overflow_hidden_temple,
          minmay_temple_entry_mini_moons, serial_shops, shop,
          grunt_decor_fettered, nicolae_ashenzari_panopticon

Skill      XL: |  1 |
---------------+----+-----
Axes           | 3 |  3.3
Fighting       | |  2.6
Dodging        | |  2.1
Stealth        | |  6.0

Action                   || total
-------------------------++-------
Melee: War axe           ||    13
       Hand axe          ||     2
 Abil: Heal Wounds       ||     3
  Use: Scroll            ||     1
       Potion            ||     1
 Stab: Sleeping          ||     2
Armor: Leather armour    ||     6
Dodge: Dodged            ||    19

Table legend: (Time is in decaauts)
 A = Elapsed time spent in this place.
 B = Non-inter-level travel time spent in this place.
 C = Inter-level travel time spent in this place.
 D = Time resting spent in this place.
 E = Time spent auto-exploring this place.
 F = Levels seen in this place.
 G = Mean time per level.
                   A        B        C        D        E       F      G
               +--------+--------+--------+--------+--------+-----+--------+
         Total |     97 |     97 |      0 |      0 |      0 |   3 |   32.3 |
       Dungeon |     97 |     97 |      0 |      0 |      0 |   3 |   32.3 |
               +--------+--------+--------+--------+--------+-----+--------+

Top non-repeatable levels by time:
     D:6: 72 daAuts
     D:5: 21 daAuts
     D:7: 4 daAuts
